 Dungeon Crawl Stone Soup version 0.29.1-1-gd02db69 (webtiles) character file.

Game seed: 11870516745873776204

8450 RATKing the Spear-Bearer (level 11, -34/97 HPs)
             Began as a Minotaur Berserker on Dec 8, 2022.
             Was a High Priest of Trog.
             Killed from afar by Jorgrun (42 damage)
             ... with a blast of rock fragments
             ... on level 1 of the Orcish Mines.
             The game lasted 00:46:21 (10382 turns).

RATKing the Spear-Bearer (Minotaur Berserker)      Turns: 10382, Time: 00:46:21

Health: -34/97     AC:  9    Str: 35    XL:     11   Next: 10%
Magic:  10/10      EV: 18    Int:  4    God:    Trog [*****.]
Gold:   675        SH:  0    Dex: 10    Spells: 10/10 levels left

rFire   . . .      SeeInvis .   u - +2 scythe (freeze)
rCold   . . .      Faith    .   (shield currently unavailable)
rNeg    . . .      Spirit   .   N - +0 troll leather armour
rPois   .          Reflect  .   (helmet restricted)
rElec   .          Harm     .   (no cloak)
rCorr   .          Rampage  .   (no gloves)
Will    ++...                   (no boots)
Stlth   ++........              i - amulet of the acrobat
HPRegen 2.06/turn               d - ring of Ekkexoh {EV+4 Str+9}
MPRegen 0.12/turn               o - +4 ring of protection

@: strong-willed, regenerating
A: horns 2, retaliatory headbutt
a: Renounce Religion, Berserk, Trog's Hand, Brothers in Arms


You were on level 1 of the Orcish Mines.
You worshipped Trog.
Trog was extremely pleased with you.
You visited 3 branches of the dungeon, and saw 11 of its levels.

You collected 675 gold pieces.

Inventory:

Hand Weapons
 l - a +2 spear of pain
 u - a +2 scythe of freezing (weapon)
Missiles
 a - 36 poisoned darts (quivered)
Armour
 N - a +0 troll leather armour (worn)
Jewellery
 c - a +6 ring of strength
 d - the ring of Ekkexoh (left hand) {EV+4 Str+9}
   (You found it on level 6 of the Dungeon)

   [ring of evasion]

   EV:        It affects your evasion (+4).
   Str:       It affects your strength (+9).
 i - an amulet of the acrobat (around neck)
 k - an amulet of magic regeneration
 o - a +4 ring of protection (right hand)
 y - a ring of magical power
 H - a ring of magical power
 K - an amulet of magic regeneration
Wands
 m - a wand of mindburst (13)
 v - a wand of flame (37)
 I - a wand of iceblast (8)
Scrolls
 b - a scroll of brand weapon {unknown}
 e - 2 scrolls of immolation
 h - 2 scrolls of magic mapping {unknown}
 p - 3 scrolls of teleportation {unknown}
 q - a scroll of torment {unknown}
 r - 2 scrolls of vulnerability {unknown}
 w - 2 scrolls of acquirement {unknown}
 x - 6 scrolls of noise
 z - a scroll of blinking {unknown}
 B - 2 scrolls of silence {unknown}
 C - 2 scrolls of enchant weapon {unknown}
 G - 5 scrolls of identify
 L - a scroll of fear {unknown}
 M - a scroll of poison {unknown}
Potions
 f - 2 potions of flight
 g - 4 potions of heal wounds
 j - a potion of attraction
 n - a potion of curing
 s - 2 potions of haste
 t - 3 potions of mutation
 A - a potion of ambrosia
 D - 2 potions of invisibility
 E - 3 potions of lignification {unknown}
 F - a potion of might {unknown}
 J - 2 potions of cancellation {unknown}


   Skills:
 + Level 9.1 Fighting
 + Level 6.2(10.7) Axes
 + Level 13.5(14.1) Polearms
 + Level 7.9 Armour
 + Level 7.1 Dodging
 + Level 3.6 Stealth
 + Level 2.3 Shields


You had 10 spell levels left.
You didn't know any spells.
Your spell library contained the following spells:

 Spells                   Type           Power      Damage    Failure   Level
 Apportation              Tloc           0%         N/A       52%         1
 Foxfire                  Conj/Fire      0%         2x1d4     52%         1
 Necrotise                Necr           0%         1d4       52%         1
 Summon Small Mammal      Summ           0%         N/A       52%         1
 Sublimation of Blood     Necr           0%         N/A       67%         2
 Conjure Flame            Conj/Fire      0%         6-21      88%         3
 Dazzling Flash           Conj/Hex       0%         N/A       88%         3
 Ignite Poison            Fire/Tmut/Pois 0%         N/A       88%         3
 Inner Flame              Hex/Fire       0%         N/A       88%         3
 Flame Wave               Conj/Fire      0%         2d4       99%         4
 Iskenderun's Mystic Bla  Conj/Tloc      0%         2d3       99%         4
 Petrify                  Tmut/Erth      0%         N/A       99%         4
 Sticky Flame             Conj/Fire      0%         2d3       99%         4
 Irradiate                Conj/Tmut      0%         3d11      100%        5
 Starburst                Conj/Fire      0%         6d3       100%        6


Dungeon Overview and Level Annotations

Branches:
Dungeon (9/15)             Temple (1/1) D:6             Orc (1/2) D:9
   Lair: D:8-11

Altars:
Ashenzari
Cheibriados
Dithmenos
Elyvilon
Fedhas
Gozag
Hepliaklqana
Kikubaaqudgha
Makhleb
Nemelex Xobeh
Okawaru
Qazlal
Ru
Sif Muna
Trog
Uskayaw
Vehumet
Wu Jian
Xom
Yredelemnul
Zin
The Shining One

Shops:
D:1 [   D:4 ([(!?

Annotations:
Orc:1 Jorgrun


Innate Abilities, Weirdness & Mutations

You have a pair of horns on your head.
You reflexively headbutt those who attack you in melee.


Message History

There are monsters nearby!
You fail to use your ability.
Jorgrun gestures next to the orc warrior while chanting.
Some rock shatters into small pieces.
Your skin crawls.
You feel strong-willed. Something hits you but does no damage.
You completely miss something.
You hear some strange, mumbled words.
A puff of flame appears from out of thin air!
The puff of flame misses you. Jorgrun casts a spell next to you.
Some rock shatters into small pieces.
You miss something. Your headbutt misses something.
Jorgrun casts a spell at you.
The iron shot hits something!!!
Reactivating autopickup.
You hear a shout!
You barely miss the orc warrior. The orc warrior misses you.
You slash Jorgrun! You freeze Jorgrun. Your headbutt misses Jorgrun.
Jorgrun is moderately wounded.
You impale Jorgrun!! You freeze Jorgrun. You headbutt Jorgrun!
Jorgrun is severely wounded.
The orc warrior misses you. You furiously retaliate!
You headbutt the orc warrior!
Jorgrun says, "A few more walls knocked out 'ere an' thar an' 'tis whole place will come crashin' down."
Jorgrun hits you with a +0 vorpal quarterstaff!!
You hit Jorgrun but do no damage.
Jorgrun is severely wounded.
The orc warrior completely misses you. You furiously retaliate!
You headbutt the orc warrior!
Jorgrun points at you and mumbles some strange words.
The iron shot hits you!!
* * * LOW HITPOINT WARNING * * *
You hit Jorgrun but do no damage.
Jorgrun is severely wounded.
The orc warrior completely misses you. Jorgrun casts a spell next to you.
The wall shatters!
The blast of rock fragments hits you!!!
You die...

#....##....####.##
##.....##..##
##.## ..
##...#..##..#
#...# ...
#....#.....##
##.##
..o###.........##
###
..#...###.....##
#o....###...##
#......#..###
#......#g@#
#..oo##
#........T#
##......##
##....## ###.# #.#
##


You could see Jorgrun, a troll, an orc warrior and an orc.

Vanquished Creatures
  2 two-headed ogres
  Psyche (D:9)
  A kobold demonologist (D:9)
  A troll (D:9)
  Grinder (D:6)
  Sigmund (D:3)
  6 yaks (D:9)
  A wyvern (D:9)
  Eustachio (D:4)
  2 steam dragons
  A warg (D:9)
  Duvessa (D:6)
  2 water moccasins
  7 orc warriors
  An ice beast (D:7)
  2 ogres
  2 centaurs (D:9)
  5 kobold brigands
  Blork the orc (D:6)
  7 bullfrogs
  3 necrophages
  2 gnoll sergeants (D:9)
  3 scorpions
  8 wights
  Dowan (D:6)
  11 killer bees
  3 hounds
  5 orc priests
  2 jellies
  Crazy Yiuf (D:3)
  Jessica (D:3)
  A gnoll bouda (D:9)
  7 orc wizards
  Ijyb (D:3)
  4 iguanas
  11 gnolls (D:9)
  8 adders
  3 ufetubi
  2 dart slugs
  36 orcs
  5 endoplasms
  A giant cockroach (D:1)
  3 goblins
  16 hobgoblins
  A quokka (D:3)
  7 ball pythons
  8 bats
  4 frilled lizards
  25 kobolds
  5 rats
234 creatures vanquished.

Vanquished Creatures (others)
  An orc wizard (Orc:1)
  2 plants (D:4)
3 creatures vanquished.

Grand Total: 237 creatures vanquished

Notes
Turn   | Place    | Note
-------+----------+-------------------------------------------
     0 | D:1      | RATKing the Minotaur Berserker began the quest for the Orb.
     0 | D:1      | Reached XP level 1. HP: 19/19 MP: 0/0
   248 | D:1      | Found Terapn's Armour Boutique.
   414 | D:1      | Reached XP level 2. HP: 25/27 MP: 1/1
  1021 | D:2      | Reached ** piety under Trog
  1028 | D:2      | Found a faded altar of an unknown god.
  1086 | D:2      | Reached XP level 3. HP: 33/33 MP: 2/2
  1782 | D:2      | Reached XP level 4. HP: 40/40 MP: 3/3
  2003 | D:3      | Noticed Sigmund
  2012 | D:3      | Killed Sigmund
  2013 | D:3      | Reached skill level 5 in Axes
  2013 | D:3      | Reached skill level 1 in Stealth
  2013 | D:3      | Reached skill level 1 in Shields
  2013 | D:3      | Reached XP level 5. HP: 47/47 MP: 4/4
  2049 | D:3      | Noticed Jessica
  2056 | D:3      | Killed Jessica
  2057 | D:3      | Reached XP level 6. HP: 53/53 MP: 5/5
  2136 | D:3      | Noticed Ijyb
  2146 | D:3      | Killed Ijyb
  2433 | D:3      | Found a runed translucent door.
  2434 | D:3      | Noticed Crazy Yiuf
  2543 | D:3      | Killed Crazy Yiuf
  2544 | D:3      | Reached skill level 1 in Polearms
  2831 | D:4      | Found Zunk's Weapon Shop.
  2871 | D:4      | Found Yssichiq's Antique Armour Boutique.
  2941 | D:4      | Noticed Eustachio
  2944 | D:4      | Reached skill level 5 in Fighting
  2947 | D:4      | Killed Eustachio
  2948 | D:4      | Reached skill level 3 in Polearms
  2948 | D:4      | Reached XP level 7. HP: 60/61 MP: 6/6
  2984 | D:4      | Found Zuom's Distillery.
  3019 | D:4      | Found Duskuqix's Antique Weapon Shoppe.
  3042 | D:4      | Found Jyatyusk's Magic Scroll Boutique.
  3583 | D:5      | Entered Level 5 of the Dungeon
  3670 | D:5      | Reached *** piety under Trog
  3869 | D:5      | Reached skill level 4 in Polearms
  4336 | D:5      | Found a stormy altar of Qazlal.
  4339 | D:5      | Found a blossoming altar of Fedhas.
  4345 | D:5      | Found a snail-covered altar of Cheibriados.
  4349 | D:5      | Found a glowing golden altar of the Shining One.
  4353 | D:5      | Found an ancient bone altar of Kikubaaqudgha.
  4357 | D:5      | Found a shimmering blue altar of Sif Muna.
  4781 | D:5      | Reached skill level 5 in Polearms
  4797 | D:6      | Identified the ring of Ekkexoh {EV+4 Str+9}
  4855 | D:6      | Reached XP level 8. HP: 70/70 MP: 7/7
  4866 | D:6      | Noticed Grinder
  4878 | D:6      | Killed Grinder
  4879 | D:6      | Reached skill level 6 in Polearms
  4879 | D:6      | Reached skill level 5 in Armour
  4981 | D:6      | Noticed Duvessa
  4981 | D:6      | Noticed Dowan
  4983 | D:6      | Noticed Blork the orc
  4987 | D:6      | Killed Duvessa
  4990 | D:6      | Killed Dowan
  4992 | D:6      | Killed Blork the orc
  4993 | D:6      | Reached skill level 7 in Polearms
  5046 | D:6      | Reached skill level 5 in Dodging
  5379 | D:6      | Found a staircase to the Ecumenical Temple.
  5640 | Temple   | Entered the Ecumenical Temple
  6006 | D:7      | Reached skill level 8 in Polearms
  6017 | D:7      | Reached XP level 9. HP: 75/78 MP: 8/8
  6344 | D:7      | Noticed a two-headed ogre
  6367 | D:7      | Killed a two-headed ogre
  6368 | D:7      | Reached skill level 9 in Polearms
  6666 | D:7      | Reached skill level 10 in Polearms
  6792 | D:7      | Reached **** piety under Trog
  7340 | D:8      | Found the +4 robe of Augmentation {Str+4 Int+4 Dex+4}
  7376 | D:8      | Reached skill level 11 in Polearms
  7865 | D:8      | Reached XP level 10. HP: 79/84 MP: 9/9
  8126 | D:9      | Noticed a two-headed ogre
  8133 | D:9      | Killed a two-headed ogre
  8161 | D:9      | Noticed an orange demon
  8353 | D:9      | Noticed Psyche
  8360 | D:9      | Killed Psyche
  8361 | D:9      | Reached skill level 12 in Polearms
  8465 | D:9      | Reached ***** piety under Trog
  8939 | D:9      | Reached skill level 13 in Polearms
  9152 | D:9      | Found a staircase to the Orcish Mines.
  9171 | D:9      | Reached XP level 11. HP: 95/95 MP: 10/10
 10212 | Orc:1    | Entered Level 1 of the Orcish Mines
 10366 | Orc:1    | Noticed Jorgrun
 10382 | Orc:1    | Killed from afar by Jorgrun

Illustrated notes

Levels and vault maps discovered:
D:1:      dpeg_arrival_refuge, layout_rooms, serial_shops, nicolae_shop_stone,
          serial_co_window_serial, co_window_paths_b, co_window_paths_a,
          co_window_of_opportunity_a, co_window_of_opportunity_a,
          co_window_paths_a, co_window_broadway_b, co_window_unsneaky_path_c,
          co_window_unsneaky_path_e, co_window_broadway_a,
          co_window_unsneaky_path_c, glass_columns_a, glass_columns_a,
          glass_columns_b, glass_columns_c
D:2:      layout_loops_corners, chequers_ecumenical_altar_simple_redux
D:3:      layout_rooms, uniq_sigmund, uniq_crazy_yiuf_cottage, uniq_jessica,
          uniq_ijyb
D:4:      layout_loops_ring, serial_shops, nicolae_shop_hallway_plus,
          nicolae_shop_overgrown_old_shop, nicolae_shop_bloodbath_and_beyond,
          nicolae_shop_waterfront, shop_scrolls, uniq_eustachio
D:5:      layout_gridville, nicolae_overflow_hallway_of_the_gods, sigmund_army
D:6:      cheibrodos_thug_alley, layout_basic, minmay_temple_entry_hall,
          uniq_duvessa, uniq_grinder, uniq_blork_the_orc
D:7:      layout_loops_ring, hex_large
D:8:      layout_layer_cave
D:9:      minmay_recursive_quarters, layout_basic, erik_orc_3, uniq_psyche
Temple:   lightli_temple_of_artemis
Orc:1:    layout_diamond_mine, ebering_ghost_disaster_area, uniq_jorgrun

Skill      XL: |  1  2  3  4  5  6  7  8  9 10 11 |
---------------+----------------------------------+-----
Axes           | 4 5 6 |  6.2
Fighting       | 4 5 6 7 8 9 |  9.1
Armour         | 3 4 5 7 |  7.9
Dodging        | 3 4 5 6 7 |  7.1
Stealth        | 1 2 3 |  3.6
Shields        | 1 2 |  2.3
Polearms       | 3 5 8 11 13 | 13.5

Action                   |  1- 3 |  4- 6 |  7- 9 | 10-12 || total
-------------------------+-------+-------+-------+-------++-------
Melee: Hand axe          |    69 |    13 |       |       ||    82
       Headbutt          |     8 |     8 |    36 |    27 ||    79
       Halberd           |       |    48 |   157 |   171 ||   376
Invok: Berserk           |     1 |     5 |     3 |     3 ||    12
       Trog's Hand       |       |       |     1 |     1 ||     2
  Use: Scroll            |       |     1 |     9 |       ||    10
 Stab: Sleeping          |     1 |       |       |       ||     1
       Invisible         |       |       |       |     2 ||     2
Armor: Animal skin       |    17 |       |       |       ||    17
       Plate armour      |     4 |    21 |       |       ||    25
       Ring mail         |       |     3 |    31 |    26 ||    60
       Troll leather arm |       |       |       |     5 ||     5
Dodge: Dodged            |    38 |    35 |   198 |   161 ||   432
Block: Kite shield       |    14 |     8 |       |       ||    22
